[Event "Italian-ch Teams-B 2022"]
[Site "Montesilvano"]
[Date "2022.04.22"]
[Round "6.3"]
[White "D'Amore, Carlo"]
[Black "Bifulco, Michel"]
[Result "0-1"]
[ECO "D02"]
[WhiteElo "2406"]
[BlackElo "2274"]
[Annotator "TA"]
[PlyCount "122"]
[EventDate "2022.04.19"]
[EventType "team-tourn"]
[EventCountry "ITA"]
[SourceTitle "playchess.com"]
[Source "ChessBase"]
[SourceQuality "1"]
[TimeControl "40/5400+30:1800+30"]

1. Nf3 d5 2. g3 g6 3. Bg2 Bg7 4. d4 c6 5. O-O Nf6 6. Be3 O-O 7. Qc1 {[%emt 0:00:05] D02: 1 d4 d5 2 Nf3 sidelines, including 2...Nf6 3 g3 and 2...Nf6 3 Bf4.} Re8 {[%emt 0:05:10] The main line 7...Re8 scores better than 7...Bf5.} 8. Bh6 Bxh6 9. Qxh6 {[%emt 0:00:07][%cal Oc2c4] The position is equal.} Nbd7 10. Qf4 {[%emt 0:03:55] [#] Against e5} Nh5 $146 ({Predecessor:} 10... Qb6 11. b3 c5 12. e3 Nf8 13. Nbd2 Bf5 14. c4 Ne6 15. Qh4 Bd3 16. Rfc1 cxd4 17. cxd5 Nxd5 18. Nxd4 Nxd4 19. Qxd4 Qxd4 20. exd4 Rad8 21. Nc4 Nf6 {½-½ (21) Staniszewski,P (2416)-Talla,V (2407) Ustron 2008}) 11. Qd2 e5 12. dxe5 Qb6 ({Don't play} 12... Nxe5 13. Nxe5 Rxe5 14. e4 $14) 13. c4 dxc4 14. Na3 Qc5 15. Rac1 b5 (15... Nxe5 $11 {keeps the balance.} 16. Nxe5 Qxe5) 16. b4 (16. Nd4 $1 $16 Nxe5 17. Ndxb5 $1 (17. Naxb5 Rb8 $11)) 16... Qb6 $11 17. Nd4 (17. Rfd1 $11) 17... Bb7 $1 $15 18. e6 fxe6 19. Ndxb5 cxb5 20. Qxd7 Bxg2 {[%emt 0:00:25] The board is on fire.} 21. Kxg2 a6 {[%emt 0:00:52] aiming for ...Rad8.} 22. Qd2 Rad8 23. Qh6 Qc6+ 24. Kg1 Qe4 25. Nb1 Qxe2 {[%emt 0:03:14] 0x0.0019b955caafdp-1022s more active pieces. The white rooks are badly placed.} 26. a4 Qb2 27. axb5 axb5 28. Nc3 Qxb4 29. Qg5 $2 (29. Qe3 $1 $15) 29... e5 $19 30. Rfe1 Qc5 31. Rcd1 Rxd1 32. Rxd1 b4 33. Ne4 Qe7 34. Qd2 c3 35. Qd5+ Kh8 {[%emt 0:08:10] ...Nf6 is the strong threat.} 36. Qc4 Ng7 37. Qc6 Rd8 {[%emt 0:00:53] Inhibits Rd7.} 38. Rxd8+ Qxd8 39. Qc5 h6 {[%emt 0:01:04] Prevents Ng5.} ({Inferior is} 39... Qd1+ 40. Kg2 Qb3 41. Nf6 $11) ({Black should play} 39... Qb8 $19 {And now ...Nf5 would win.} 40. Qc6 b3 41. Nxc3 b2) 40. Kg2 $2 (40. Qxb4 $11 {and White is okay.} c2 41. Qc5) 40... Qb8 41. g4 $2 (41. h4 {was necessary.}) 41... b3 {[%emt 0:25:29] Hoping for ...c2.} 42. Nxc3 b2 43. Nb1 (43. h3 $142) 43... Qb7+ 44. f3 (44. Kg3 $142 Qh1 45. Nd2) 44... e4 45. Qc3 Kh7 46. Kf2 exf3 {[%emt 0:02:01] White must now prevent ...Qb8.} 47. Qxf3 Qxf3+ 48. Kxf3 {[%emt 0:00:00][%mdl 4096] Endgame KN-KN} h5 49. gxh5 (49. Kf4 $142 Ne6+ 50. Ke5) 49... gxh5 50. Ke3 Kg6 51. Kd3 Kf5 52. Kc2 {[%emt 0:00:00] [#]} Kg4 $1 53. Nd2 {[%emt 0:00:00] [#]} Kh3 $1 54. Nf3 Kg2 55. Ng5 Kxh2 56. Kxb2 {[%emt 0:00:00] Black mates.} Kg3 57. Kc2 h4 58. Kd2 Ne6 59. Ne4+ Kf3 60. Kd3 h3 61. Nd2+ Kg2 {[%emt 0:00:00] Weighted Error Value: White=0.45/Black=0.20 (precise)} 0-1

[Event "Italian-ch Teams-B 2022"]
[Site "Montesilvano"]
[Date "2022.04.22"]
[Round "6.3"]
[White "Zamengo, Fulvio"]
[Black "Lapiccirella, Daniele"]
[Result "1-0"]
[ECO "B48"]
[WhiteElo "2404"]
[BlackElo "2180"]
[Annotator "TA"]
[PlyCount "101"]
[EventDate "2022.04.19"]
[EventType "team-tourn"]
[EventCountry "ITA"]
[SourceTitle "playchess.com"]
[Source "ChessBase"]
[SourceQuality "1"]
[TimeControl "40/5400+30:1800+30"]

1. e4 c5 2. Nf3 e6 3. d4 cxd4 4. Nxd4 Nc6 5. Nc3 Qc7 6. Be3 a6 7. Qf3 {[%emt 0:00:14] 7.g4 is the modern continuation. B48: Sicilian: Taimanov: 5 Nc3 Qc7 6 Be3 a6 without Be2.} Bd6 8. O-O-O Be5 $1 9. Nxc6 {[%emt 0:00:13] White is slightly better.} bxc6 10. Bd4 Nf6 11. Bxe5 Qxe5 {[%emt 0:00:49] [#]} 12. h4 $146 ({Predecessor:} 12. Qg3 Qxg3 13. hxg3 e5 14. Be2 Ke7 15. g4 g5 16. Rh6 Rg8 17. f3 Rg6 18. Rxg6 fxg6 {1-0 (25) Inarkiev,E (2663)-Nihal,S (2612) Moscow 2019}) 12... d5 13. Bd3 d4 (13... Rb8 {keeps more tension.} 14. g4 O-O 15. g5 Nd7) 14. Nb1 c5 15. Nd2 Bb7 16. Nc4 Qc7 17. h5 h6 18. Qe2 e5 (18... O-O {looks sharper.} 19. e5 Nd7 20. Nd6 Bd5) 19. g4 (19. f4 $142) 19... Nh7 20. a4 (20. Rhf1 $11) 20... Ng5 $15 21. a5 O-O 22. Nb6 Rad8 (22... c4 $15 23. Nxc4 (23. Nxa8 $2 Qxa5 24. Bxc4 Qa1+ 25. Kd2 Nxe4+ 26. Ke1 Qxb2 $19) (23. Bxc4 Bxe4 24. Nxa8 Qxa5 $17) 23... Nxe4) 23. f3 $11 Rd6 24. Bc4 Bc8 25. Rd3 Be6 26. Rb3 (26. Bxa6 $2 c4 27. Ra3 d3 $17) 26... Rb8 27. Bxe6 Nxe6 28. Qxa6 c4 $1 29. Qxc4 Rc6 {[%emt 0:00:10][%mdl 64] Deflection} 30. Qb4 (30. Qb5 $5 ) 30... Rxc2+ 31. Kb1 {[%emt 0:00:05] Hoping for Nd5.} Rc6 32. Qd2 Nc5 33. Rb4 Qa7 $1 34. Nd5 $36 {[%emt 0:01:29][%mdl 2048] aiming for Rxb8+. White has some pressure.} Rbc8 (34... Rxb4 $11 35. Qxb4 Ra6) 35. Rb6 {[%emt 0:01:58] White is more active.} (35. g5 $142 $1 ) 35... d3 $2 {[%emt 0:03:25] This costs Black the game.} (35... Ne6 $16 {was necessary.}) 36. Qb4 $18 Kh7 37. Qb5 Qd7 38. Rxc6 Rxc6 39. b4 Nxe4 (39... Na6 40. Qxd3 Qb7) 40. Qxd3 {[%emt 0:01:31] Nf6+ is the strong threat.} ({Not} 40. fxe4 $2 Rc1+ $3 41. Kxc1 Qxb5 $19) 40... Qxd5 41. Qxe4+ Qxe4+ 42. fxe4 {[%emt 0:00:09][%mdl 4096] Endgame KR-KR} Rc4 43. b5 Rc5 {[%emt 0:02:27] [#]} (43... Rb4+ $142 44. Kc2 Rxb5) 44. b6 $1 {[%emt 0:00:26] And now Rh2 would win.} Rxa5 {[%emt 0:00:08] [#]} 45. Rh2 $1 {[%emt 0:00:06] White wants to mate with b7.} ({Worse is} 45. Kc2 Rc5+ 46. Kd2 Rb5 $17) 45... Ra8 46. Rb2 Kg8 47. Kc2 Kf8 48. Kc3 Ke7 49. Kc4 Kd7 50. Kb5 {[%emt 0:01:08] Black must now prevent b7.} g6 51. b7 {[%emt 0:00:20] Weighted Error Value: White=0.20 (precise) /Black=0.43} 1-0

[Event "Italian-ch Teams-B 2022"]
[Site "Montesilvano"]
[Date "2022.04.22"]
[Round "6.3"]
[White "Botta, Massimiliano"]
[Black "Loiacono, Leonardo"]
[Result "1/2-1/2"]
[ECO "B04"]
[WhiteElo "2217"]
[BlackElo "2284"]
[Annotator "TA"]
[PlyCount "47"]
[EventDate "2022.04.19"]
[EventType "team-tourn"]
[EventCountry "ITA"]
[SourceTitle "playchess.com"]
[Source "ChessBase"]
[SourceQuality "1"]
[TimeControl "40/5400+30:1800+30"]

1. e4 d6 2. d4 g6 3. Bc4 Bg7 4. Nf3 Nf6 5. Qe2 O-O 6. e5 dxe5 7. dxe5 Nd5 8. O-O c6 9. h3 Qc7 10. Bb3 {[%emt 0:08:22] B04: Alekhine's Defence: 4 Nf3.} Na6 {[%emt 0:07:57][%cal Bb8a6,Ba6c5,Bc5e6][%mdl 32] [#]} 11. a3 $146 ({Predecessor:} 11. c3 Nc5 12. Bc2 a5 13. a3 b6 14. Rd1 Ba6 15. c4 Rfd8 16. Rd4 e6 17. Bg5 {1-0 (27) Ter Sahakyan,S (2640)-Seliverstov,V (2462) Chess.com INT 2020}) 11... Be6 12. Re1 Nc5 13. Ba2 a5 14. Nd4 (14. c4 $14 {was preferrable.} Nb6 15. Nc3) 14... Rfd8 15. Nxe6 Nxe6 16. Nd2 a4 (16... Ndf4 {seems wilder.} 17. Qe4 Rd4 18. Qe3 Rad8) 17. Nf3 c5 18. Qe4 Qc6 19. Bd2 Rac8 20. Rad1 {[%emt 0:05:25] Black must now prevent Ba5.} c4 21. c3 b5 22. Bb1 Rd7 23. Bc1 Rcd8 24. Bc2 {[%emt 0:00:06] Weighted Error Value: White=0.12 (very precise) /Black=0.10 (very precise)} 1/2-1/2

[Event "Italian-ch Teams-B 2022"]
[Site "Montesilvano"]
[Date "2022.04.22"]
[Round "6.4"]
[White "Mazzilli, Piero"]
[Black "Pasini, Nicolo"]
[Result "0-1"]
[ECO "B13"]
[WhiteElo "2296"]
[BlackElo "2252"]
[Annotator "TA"]
[PlyCount "122"]
[EventDate "2022.04.19"]
[EventType "team-tourn"]
[EventCountry "ITA"]
[SourceTitle "playchess.com"]
[Source "ChessBase"]
[SourceQuality "1"]
[TimeControl "40/5400+30:1800+30"]

1. Nf3 c5 2. e3 Nf6 3. d4 cxd4 4. exd4 d5 5. Bd3 Nc6 6. c3 Bg4 7. Bf4 e6 8. Qb3 {[%emt 0:01:39] B13: Caro-Kann: Exchange Variation and Panov-Botvinnik Attack.} Bd6 {[%emt 0:01:35] [#]} 9. Qxb7 $1 {[%emt 0:09:46] [#]} O-O $1 10. Bg3 {[%emt 0:00:35] [#] The position is equal.} Bxg3 $146 ({Predecessor:} 10... Bxf3 11. gxf3 Rc8 12. Nd2 e5 13. Bb5 Rc7 14. Qa6 Nb8 15. Qa4 exd4 16. cxd4 Nh5 {½-½ (35) Nett,P (2147)-Garcia,M (2121) IECC email 2007}) 11. hxg3 Qd6 12. Qa6 Rab8 13. Nbd2 Bxf3 14. Nxf3 Rxb2 15. O-O ({Don't play} 15. Bb5 Qb8 $1 16. Bd3 (16. Bxc6 $2 Rb1+ 17. Rxb1 Qxb1+ 18. Ke2 Qxh1 $19) 16... Rb6 $17) 15... Rfb8 {[%emt 0:04:20] Prevents Bb5.} (15... Rb6 $5 16. Qa4 Qc7 $11) 16. Rab1 {[%emt 0:03:35] Threatens to win with Rxb2.} R8b6 17. Qa4 g6 18. Rxb2 Rxb2 19. Rb1 Rxb1+ 20. Bxb1 {[%emt 0:00:01] [#]} Qb8 $1 21. Qb3 (21. Bd3 Qc7) 21... Qc7 22. Bd3 Kg7 23. Qc2 Nd7 24. Nd2 Qa5 25. Qb3 (25. g4 $11) 25... Nxd4 $1 $17 26. Qb4 (26. Qb2 $17 {is a better defense.} Nc5 27. c4) 26... Nc6 27. Qb2 Qb6 28. Qc2 e5 29. Be2 Nf6 30. g4 h6 31. g3 Qc5 32. Nb3 {[%emt 0:01:08] Prevents Nd4.} Qd6 33. Qd3 d4 (33... a5 $19 {aiming for ...a4.} 34. Qb5 Ne4) 34. cxd4 Nxd4 ({Inferior is} 34... exd4 35. Kf1 $17) 35. Nxd4 exd4 36. f4 (36. Kf1 $17) 36... Nd7 37. Kf2 (37. Bf3 $142) 37... Qd5 (37... Nc5 $19 38. Qc4 g5) 38. Qb3 {[%emt 0:00:37][%mdl 8192] [#] This move loses the game for White.} (38. Qb5 $17 {is more resistant.} Nc5 39. Bc4 Ne4+ 40. Kg2 Qxb5 41. Bxb5) 38... Qxb3 $1 $19 39. axb3 {[%emt 0:00:01][%mdl 4096] Endgame KB-KN} a5 40. Kf3 Nc5 41. Bc4 g5 42. Bd5 Kf8 43. Ke2 Ke7 {[%emt 0:00:09] White must now prevent ...gxf4.} 44. Kd2 f6 45. Kc2 Kd6 46. Bf3 Kc7 47. Bd5 Kb6 48. Bc4 Kc6 49. Kd2 Kd6 50. Bf7 Na6 51. Kd3 Kc5 52. Ke4 Nb4 53. Bg8 Na2 ({And not} 53... gxf4 54. gxf4 Nc2 55. Bf7 $17) 54. Kd3 Nc3 55. Be6 Nd1 56. Kd2 Nf2 57. Ke2 Ne4 {[%emt 0:00:00] Strongly threatening ...Kb4.} 58. Kf3 Nc3 59. Kf2 Kb4 {[%emt 0:00:00] ( -> ...Ne4+)} 60. Bf7 Ne4+ 61. Kf3 Nd6 {[%emt 0:00:00] Weighted Error Value: White=0.80/Black=0.20 (precise)} (61... Nd2+ $142 62. Ke2 Nxb3) 0-1

[Event "Italian-ch Teams-B 2022"]
[Site "Montesilvano"]
[Date "2022.04.22"]
[Round "6.4"]
[White "Luciani, Valerio"]
[Black "Altini, Nicola"]
[Result "0-1"]
[ECO "B59"]
[WhiteElo "2151"]
[BlackElo "2403"]
[Annotator "TA"]
[PlyCount "88"]
[EventDate "2022.04.19"]
[EventType "team-tourn"]
[EventCountry "ITA"]
[SourceTitle "playchess.com"]
[Source "ChessBase"]
[SourceQuality "1"]
[TimeControl "40/5400+30:1800+30"]

1. e4 c5 2. Nf3 Nc6 3. d4 cxd4 4. Nxd4 Nf6 5. Nc3 d6 6. Be2 e5 7. Nb3 Be7 8. Be3 Be6 9. O-O O-O 10. Bf3 a5 11. Nd5 Bxd5 12. exd5 Nb4 $1 {[%emt 0:00:30] The main line 12...Nb4 scores better than 12...Nb8. B59: Classical Sicilian: 6 Be2 e5 7 Nb3.} 13. c3 Na6 14. a4 Nd7 {[%emt 0:01:47][%cal Bf6d7,Bd7c5,Bc5a6,Ba6b4][%mdl 32] The position is equal.} 15. Be2 f5 16. f3 {[%emt 0:00:46] [#]} b6 $146 (16... Nac5 $11) ({Predecessor:} 16... Qc7 17. Bb5 Bd8 18. Nxa5 Qxa5 19. Bxd7 Bb6 20. Bf2 Kh8 21. Kh1 Bxf2 22. Rxf2 Nc7 23. Rd2 Rad8 24. Be6 Rf6 25. Qb3 Nxe6 26. dxe6 Qc7 {½-½ (26) Pilnik,H-Nedeljkovic,A Belgrade 1952}) 17. Bxa6 (17. Bb5) (17. Bb5 $16) 17... Rxa6 $11 18. c4 (18. f4 $142) 18... Nc5 19. Nd2 (19. Qc2 $11) 19... Bg5 $15 20. Qe2 Ra7 21. Rfb1 Na6 {[%emt 0:04:25] Black is more active.} 22. Rf1 Bxe3+ 23. Qxe3 Qc7 24. b3 Qc5 25. Rfe1 Nb4 {[%emt 0:00:46] Threatens to win with ...Nc2.} 26. Qxc5 bxc5 27. Rec1 {[%emt 0:00:38] Inhibits Nc2.} Re7 28. Rc3 Kf7 29. Re1 Ke8 30. Re2 Kd7 31. Nf1 g5 (31... h5 $15) 32. Nd2 h5 33. h3 (33. g4 $5) 33... Rg7 34. Rf2 (34. g4 $11) 34... Rff7 (34... h4 $15) 35. g4 $11 hxg4 36. hxg4 fxg4 37. fxg4 Rf4 38. Rg3 {[%emt 0:01:29] [#]} (38. Rxf4 $1 $11 gxf4 39. Rh3) 38... Nc2 $1 $17 39. Nf1 (39. Kf1 {was worth a try.}) 39... Nd4 $19 40. Nd2 Rh7 41. Rfg2 $2 (41. Rxf4 gxf4 42. Rd3) 41... e4 {[%emt 0:20:09] Black is clearly winning.} 42. Rh2 Rxh2 43. Kxh2 Rf2+ 44. Rg2 {[%emt 0:00:03] [#]} Rxd2 $1 {[%emt 0:00:24][%mdl 512] Weighted Error Value: White=0.61/Black=0.13 (very precise)} 0-1

[Event "Italian-ch Teams-B 2022"]
[Site "Montesilvano"]
[Date "2022.04.22"]
[Round "6.4"]
[White "Bolognese, Leonardo"]
[Black "Schacher, Gerd"]
[Result "0-1"]
[ECO "A65"]
[WhiteElo "2037"]
[BlackElo "2246"]
[Annotator "TA"]
[PlyCount "92"]
[EventDate "2022.04.19"]
[EventType "team-tourn"]
[EventCountry "ITA"]
[SourceTitle "playchess.com"]
[Source "ChessBase"]
[SourceQuality "1"]
[TimeControl "40/5400+30:1800+30"]

1. d4 g6 2. c4 Bg7 3. e4 c5 4. d5 d6 5. Ne2 Nf6 6. Nbc3 O-O 7. Ng3 e6 8. Be2 exd5 9. cxd5 {[%emt 0:00:01] 9.cxd5 scores better than 9.exd5.} a6 10. a4 Nbd7 {[%emt 0:00:35] A65: Modern Benoni: 6 e4.} 11. f4 (11. Bf4 $14 {is more appropriate.}) 11... Rb8 12. O-O Ne8 {[%emt 0:15:07] The position is equal.} 13. Bd3 (13. Be3 $11) 13... Nc7 (13... b5 $5) 14. Qf3 b5 15. axb5 {[%emt 0:05:49] [#]} Nxb5 $146 ({Predecessor:} 15... axb5 16. e5 dxe5 17. d6 Ne6 18. Nxb5 exf4 19. Bxf4 {½-½ (19) Bisguier,A-Goichberg,W Las Vegas 1973}) 16. Nxb5 axb5 17. e5 dxe5 18. f5 c4 19. Be4 Nf6 ({Better is} 19... Qh4 $17 20. Be3 Nf6 21. fxg6 hxg6) 20. Be3 $15 Bb7 21. Rfd1 Qd6 (21... Nxe4 $6 22. Nxe4 Ra8 23. Rxa8 Qxa8 24. f6 $11) 22. h4 ({But not} 22. Ra7 Rfc8 23. Bg5 b4 24. Bxf6 Qxf6 25. fxg6 (25. d6 Bxe4 26. Nxe4 Qxf5 $15) 25... hxg6) 22... Ra8 23. Rxa8 Rxa8 24. h5 gxh5 25. Nxh5 b4 26. Nxf6+ Bxf6 27. g4 (27. Qh3 $14) 27... Kh8 (27... Qd8 $1 $11) 28. Kh1 (28. Qh3 $14 Qd8 29. Qh6) 28... Rg8 $1 $11 {[%emt 0:00:47] Threatens to win with ...Bg5.} 29. Qh3 c3 30. bxc3 bxc3 {[%emt 0:00:01][%cal Oc3c2] Strongly threatening ...c2!} 31. Qf3 $2 (31. Kh2 $11) 31... Bg5 $1 $19 32. Bxg5 Rxg5 33. f6 {[%emt 0:00:25] [#]} Bc8 $2 (33... h5 $1 $19 34. Qxc3 (34. gxh5 $2 Qc5 $19) 34... Qxf6) 34. Rg1 $2 {[%emt 0:00:37][%mdl 8192] [#]} ({White has to play} 34. Qh3 $15 h5 35. Qxc3) 34... Qc5 $1 35. Rg2 (35. Bc2 {was called for.}) 35... Qd4 36. Kh2 Bd7 $2 (36... c2 $19 37. Rxc2 Bxg4) 37. Ra2 $17 Bc8 $2 (37... Ba4 $17 {[%cal Oh7h5] Hoping for ...h5!} 38. Qd3 Qb4) 38. Ra8 $2 (38. Rg2 $11 {and White stays safe.}) 38... Qd2+ (38... Rg8 $142 {White must now prevent ...Qd2+.} 39. Qe2 h5) 39. Kh1 $2 (39. Qg2 Rg8 40. Qxd2 cxd2 41. Bf3) 39... Qe1+ 40. Kg2 Qd2+ $2 ({Black should try} 40... Rg8 $19 41. Kh2 h5) 41. Kf1 $2 (41. Kh1 $11 Rg8 42. Qg2) 41... Rg8 $19 {[%emt 0:16:44] ( -> ...c2)} 42. Qd3 {[%emt 0:11:41] Inhibits c2.} Qf4+ {[%emt 0:02:09] Black mates.} 43. Ke1 Qxg4 44. d6 Qg1+ 45. Ke2 Bg4+ 46. Bf3 Rxa8 {[%emt 0:00:13] Weighted Error Value: White=1.01/Black=0.84} 0-1

[Event "Italian-ch Teams-B 2022"]
[Site "Montesilvano"]
[Date "2022.04.22"]
[Round "6.4"]
[White "Budyi, Danylo"]
[Black "Andreoni, Giuseppe"]
[Result "0-1"]
[ECO "E51"]
[WhiteElo "1817"]
[BlackElo "2158"]
[Annotator "TA"]
[PlyCount "66"]
[EventDate "2022.04.19"]
[EventType "team-tourn"]
[EventCountry "ITA"]
[SourceTitle "playchess.com"]
[Source "ChessBase"]
[SourceQuality "1"]
[TimeControl "40/5400+30:1800+30"]

1. d4 Nf6 2. c4 e6 3. Nc3 Bb4 4. Nf3 b6 5. Bd2 O-O 6. e3 d5 7. cxd5 exd5 8. Bd3 {[%emt 0:00:09] E51: Nimzo-Indian: Rubinstein: 4...0-0 5 Nf3 d5.} Re8 9. O-O Bb7 10. a3 {[%emt 0:20:37] The position is equal.} Bd6 {[%emt 0:08:16] [#]} 11. Nb5 $146 ({Predecessor:} 11. b4 a6 12. Qc2 Ne4 13. b5 g6 14. bxa6 Nxa6 15. Rfd1 Nxd2 16. Qxd2 c5 17. Bb5 Re6 18. dxc5 Nxc5 {½-½ (38) Neto,H (2567)-Zajontz,R (2500) ICCF email 2020}) 11... Bf8 12. b4 c6 (12... a6 $5 13. Nc3 Nbd7 $11) 13. Nc3 Nbd7 14. Qb3 Ne4 15. Bxe4 (15. a4 $11 {remains equal.}) 15... dxe4 $17 16. Ne1 a5 {[%emt 0:32:26] And now ...axb4 would win.} 17. bxa5 (17. Nc2 $17 {keeps fighting.}) 17... Ba6 $19 ({Worse is} 17... Rxa5 {[#]} 18. Nxe4 $1 Ra8 19. f3 $11) 18. axb6 Nxb6 (18... Bxf1 19. b7 Rb8 20. Kxf1 $17) (18... Qxb6 $19 19. Qxb6 Nxb6) 19. Nc2 $17 Bc4 20. Qb1 Bxf1 {[%emt 0:00:13] Black is much more active. The white rooks are badly placed.} 21. Qxf1 c5 22. a4 cxd4 23. Nxd4 Qc8 (23... Bc5 $17 24. Nb3 Bb4) 24. Rc1 ({White should play} 24. Qb1 $15 Nc4 25. Be1) 24... Qa6 25. Ndb5 Red8 ({Reject} 25... Nxa4 $6 26. Ra1 $11) 26. Qe1 (26. Be1 $17 {was necessary.}) 26... Qb7 $19 (26... Nxa4 27. Nc7 Qd6 28. Nxa8 $15) 27. Rb1 Nxa4 28. Nd6 $2 {[%emt 0:01:00] [#]} (28. Nd4 Qd7 29. Nxe4) 28... Qd7 29. Ndxe4 f5 (29... Qd3 $142 30. Qf1 Nxc3 31. Qxd3 Rxd3 32. Bxc3 f5 33. Bxg7 fxe4) 30. Nxa4 Rxa4 ({And not} 30... Qxa4 31. Ng5 $17) 31. Nc3 Rc4 32. Qe2 Qd3 33. Kf1 $2 (33. Qxd3 {was the crucial defense.} Rxd3 34. Be1) 33... Rxc3 {[%emt 0:00:48] Weighted Error Value: White=0.50/Black=0.15 (very precise)} 0-1

[Event "Italian-ch Teams-B 2022"]
[Site "Montesilvano"]
[Date "2022.04.23"]
[Round "7.1"]
[White "Caprio, Guido"]
[Black "Lazic, Miroljub"]
[Result "1-0"]
[ECO "A55"]
[WhiteElo "2426"]
[BlackElo "2322"]
[Annotator "TA"]
[PlyCount "66"]
[EventDate "2022.04.19"]
[EventType "team-tourn"]
[EventCountry "ITA"]
[SourceTitle "playchess.com"]
[Source "ChessBase"]
[SourceQuality "1"]
[TimeControl "40/5400+30:1800+30"]

1. d4 d6 2. Nf3 Nf6 3. c4 Nbd7 4. Nc3 e5 5. e4 c6 6. Be2 Be7 7. O-O O-O 8. Rb1 a5 9. Qc2 {[%emt 0:00:04] A55: Old Indian Defence with Nf3 and e4.} Qe8 {[%emt 0:01:03] [#]} 10. Rd1 $146 {[%emt 0:04:14] &Bianco is more active.} ({Predecessor:} 10. b3 Bd8 11. Ba3 exd4 12. Nxd4 Nc5 13. Bf3 Qe5 14. Rbd1 Bc7 15. g3 Re8 16. Rfe1 {½-½ (26) Luczak,A (2405)-Hausner,I (2460) St Johan ID Haide 1981}) 10... Bd8 11. b3 {[%emt 0:00:24] White is slightly better.} exd4 12. Nxd4 ({Much weaker is} 12. Rxd4 Nc5 $11) 12... Nc5 13. f3 Bb6 14. Kh1 Qe5 15. Be3 Re8 16. Qd2 Qe7 17. Bf4 h6 (17... Nh5 $14) 18. Nc2 $16 Bc7 19. Bxd6 Bxd6 20. Qxd6 Qxd6 21. Rxd6 Be6 22. Kg1 g5 23. Kf2 Red8 24. Rxd8+ Rxd8 25. Ke3 Kf8 26. Nd4 Nfd7 27. g3 Ke7 28. Rh1 ({White should play} 28. a3 $18) 28... Rg8 29. h4 gxh4 (29... Ne5 $16 {was worth a try.} 30. hxg5 hxg5) 30. g4 $18 ({Weaker is} 30. gxh4 Ne5 31. a3 Rg2 $16) ({Resist} 30. Rxh4 $6 Rxg3 31. Rxh6 Rh3 32. Rxh3 Bxh3 $16) 30... Kf6 31. Rxh4 Kg7 32. f4 Nb6 33. Rh5 Rh8 {[%emt 0:00:46] Weighted Error Value: White=0.04 (flawless) /Black=0.19 (very precise)} (33... Nbd7 $142 34. g5 hxg5 35. Rxg5+ Kf8 36. Rxg8+ Kxg8) 1-0

[Event "Italian-ch Teams-B 2022"]
[Site "Montesilvano"]
[Date "2022.04.23"]
[Round "7.1"]
[White "Aghayev, Miragha"]
[Black "Drasko, Milan"]
[Result "1/2-1/2"]
[ECO "E27"]
[WhiteElo "2398"]
[BlackElo "2398"]
[Annotator "TA"]
[PlyCount "28"]
[EventDate "2022.04.19"]
[EventType "team-tourn"]
[EventCountry "ITA"]
[SourceTitle "playchess.com"]
[Source "ChessBase"]
[SourceQuality "1"]
[TimeControl "40/5400+30:1800+30"]

1. d4 e6 2. c4 Nf6 3. Nc3 Bb4 4. f3 O-O 5. a3 Bxc3+ 6. bxc3 c6 {[%emt 0:16:03] E27: Nimzo-Indian: Sämisch: 5...0-0 6 f3.} 7. e4 d5 8. e5 Nfd7 {[%emt 0:00:09] [#] White is slightly better.} 9. f4 $146 ({Predecessor:} 9. cxd5 cxd5 10. Bd3 b6 11. Qe2 Qc7 12. Bd2 a5 13. f4 Ba6 14. Nf3 Bxd3 15. Qxd3 {0-1 (31) Viviani,A (2248)-Pulvett Marin,D (2444) Chess.com INT 2017}) 9... b6 10. Bd3 Ba6 11. Nf3 {[%emt 0:09:12][%cal Od3h7] [#] Threatens to win with Bxh7+!} f5 12. exf6 {[%emt 0:05:20] &Bianco is more active.} (12. Qe2 $14) 12... Nxf6 $11 {[%emt 0:01:25] The position is equal.} 13. Ne5 c5 14. dxc5 Nbd7 {[%emt 0:13:21] Weighted Error Value: White=0.19 (very precise) /Black=0.20 (precise)} 1/2-1/2